 Seeded DCSS version 0.25.0-45-g9783441 (webtiles) character file.

Game seed: 11301349378719138389 (custom seed)

58777 Auros the Fighter (level 14, -1/117 HPs)
             Began as a Green Draconian Transmuter on June 27, 2020.
             Was a High Priest of Hepliaklqana.
             Slain by a tarantella (14 damage)
             ... on level 1 of the Spider Nest on July 16, 2020.
             The game lasted 02:02:57 (25641 turns).

Auros the Fighter (Green Draconian Transmuter)     Turns: 25641, Time: 02:02:57

Health: -1/117     AC: 12    Str: 20    XL:     14   Next: 50%
Magic:  14/18      EV: 17    Int: 17    God:    Hepliaklqana [*****.]
Gold:   1139       SH:  0    Dex: 12    Spells: 3/17 levels left

rFire    . . .     SeeInvis .     - Unarmed
rCold    . . .     Gourm    .   (shield currently unavailable)
rNeg     . . .     Faith    .   (armour unavailable)
rPois    +         Spirit   .   (helmet restricted)
rElec    .         Reflect  .   m - scarf {+Inv}
rCorr    .         Harm     .   (gloves currently unavailable)
MR       +....                  (no boots)
Stlth    +.........             r - amulet of the acrobat
HPRegen  0.29/turn              q - +6 ring of strength
MPRegen  0.16/turn              J - +4 ring of protection

@: blade hands
A: breathe noxious fumes, unfitting armour, reduced essence, stinger 1, sense
surroundings 1, poison resistance, wild magic 1, cold-blooded, AC +8
a: Breathe Noxious Fumes, End Transformation, Recall Ancestor, Ancestor
Identity, Transference, Idealise, Renounce Religion, Evoke Invisibility


You were on level 1 of the Spider Nest.
You worshipped Hepliaklqana.
Hepliaklqana was extremely pleased with you.
You were not hungry.
You had blades for hands.
You visited 4 branches of the dungeon, and saw 21 of its levels.

You collected 1329 gold pieces.
You spent 190 gold pieces at shops.

Inventory:

Missiles
 h - 167 arrows
 n - 2 boomerangs (quivered)
 H - 3 throwing nets
Armour
 m - a scarf of invisibility (worn)
 x - a +0 buckler of protection (melded)
 Y - a +0 pair of gloves of dexterity (melded)
Magical Staves
 p - an uncursed staff of wizardry (melded)
Jewellery
 l - a +4 ring of evasion {unknown}
 o - the ring of Laamadump {rPois rC+ MP-9 Int+6 Dex+7}
   (You found it on level 5 of the Dungeon)

   [ring of intelligence]

   It affects your intelligence (+6).
   It affects your dexterity (+7).
   It protects you from cold.
   It protects you from poison.
   It affects your magic capacity (-9).
 q - a +6 ring of strength (left scythe-like blade)
 r - an amulet of the acrobat (around neck)
 J - a +4 ring of protection (right scythe-like blade)
 M - an uncursed amulet of guardian spirit
Wands
 c - a wand of flame (85)
 f - a wand of disintegration (9)
 w - a wand of digging (11)
 B - a wand of acid (41)
 I - a wand of enslavement (5)
 O - a wand of random effects (15)
 P - a wand of clouds (11)
Scrolls
 b - 8 scrolls of remove curse {unknown}
 e - 4 scrolls of fog {fog, unknown}
 g - 2 scrolls of immolation {unknown}
 i - 9 scrolls of identify
 s - 2 scrolls of fear {unknown}
 y - 5 scrolls of noise {unknown}
 A - 6 scrolls of teleportation {teleport}
 D - a scroll of blinking
 E - a scroll of enchant weapon
 F - a scroll of vulnerability {unknown}
 L - 3 scrolls of amnesia
 N - a scroll of torment {unknown}
 S - 6 scrolls of magic mapping
 T - a scroll of acquirement {unknown}
 U - 2 scrolls of enchant armour {unknown}
Potions
 a - a potion of berserk rage
 d - 2 potions of might {might}
 j - a potion of cancellation
 k - 4 potions of curing
 t - 5 potions of flight {brilliance?, unknown}
 u - 2 potions of haste
 v - a potion of degeneration
 C - 5 potions of stabbing
 G - a potion of lignification
 K - a potion of resistance
 Q - a potion of magic
 V - a potion of heal wounds
Miscellaneous
 W - a phial of floods
Comestibles
 z - 14 rations


   Skills:
 - Level 13.8 Fighting
 - Level 9.3 Dodging
 - Level 4.0 Shields
 - Level 13.5 Unarmed Combat
 - Level 2.0 Spellcasting
 + Level 5.2 Summonings
 - Level 11.5 Transmutations
 + Level 4.0 Ice Magic
 - Level 5.9 Invocations
 - Level 5.3 Evocations


You had 3 spell levels left.
You knew the following spells:

 Your Spells              Type           Power        Failure   Level  Hunger
a - Beastly Appendage     Tmut           ######       12%         1    #......
b - Blade Hands           Tmut           ######....   41%         5    ######.
c - Sticks to Snakes      Tmut           ######..     14%         2    ###....
d - Summon Guardian Gole  Hex/Summ       ##......     71%         3    ###....
e - Frozen Ramparts       Ice            ###...       56%         3    ###....

Your spell library contained the following spells:

 Spells                   Type           Power        Failure   Level  Hunger
 Summon Butterflies       Summ           ####....     30%         1    #......
 Summon Small Mammal      Summ           ####         30%         1    #......
 Call Imp                 Summ           ####....     34%         2    ###....
 Freeze                   Ice            ###.         36%         1    #......
 Spider Form              Tmut/Pois      ####......   43%         3    ###....
 Call Canine Familiar     Summ           ####....     47%         3    ###....
 Animate Skeleton         Necr           N/A          69%         1    #......
 Apportation              Tloc           #.....       69%         1    #......
 Corona                   Hex            #......      69%         1    #......
 Shock                    Conj/Air       #...         69%         1    #......
 Ozocubu's Armour         Chrm/Ice       ##......     77%         3    ###....
 Swiftness                Chrm/Air       #.......     78%         2    ###....
 Lesser Beckoning         Tloc           #.........   91%         3    ###....
 Static Discharge         Conj/Air       #.......     91%         3    ###....
 Tukima's Dance           Hex            #.......     91%         3    ###....
 Ice Form                 Ice/Tmut       #####...     50%         4    #####..
 Summon Ice Beast         Ice/Summ       ###.....     78%         4    #####..
 Alistair's Intoxication  Tmut/Pois      ####....     89%         5    ######.
 Summon Lightning Spire   Summ/Air       ##......     93%         4    #####..
 Hailstorm                Conj/Ice       ##......     96%         4    #####..
 Airstrike                Air            #.........   99%         4    #####..
 Bolt of Magma            Conj/Fire/Erth #.........   100%        5    ######.
 Fireball                 Conj/Fire      #.........   100%        5    ######.
 Iskenderun's Battlesphe  Conj/Chrm      #.......     100%        5    ######.
 Lightning Bolt           Conj/Air       #.........   100%        5    ######.
 Conjure Ball Lightning   Conj/Air       #.........   100%        6    #######
 Invisibility             Hex            #.......     100%        6    #######
 Iron Shot                Conj/Erth      #.........   100%        6    #######
 Orb of Destruction       Conj           #.........   100%        7    #######
 Spellforged Servitor     Conj/Summ      ##........   100%        7    #######


Dungeon Overview and Level Annotations

Branches:
Dungeon (12/15)            Temple (0/1) D:4            Lair (6/6) D:10
  Swamp (0/4) Lair:2       Spider (2/4) Lair:3        Slime (1/5) Lair:6
    Orc: D:9-12

Altars:
Ashenzari
Dithmenos
Hepliaklqana
Kikubaaqudgha
Nemelex Xobeh
Okawaru
Ru
Trog
Uskayaw
Xom
Yredelemnul
The Shining One

Shops:
D:9 *?

Annotations:
Lair:4 catoblepas and manticore


Innate Abilities, Weirdness & Mutations

You can breathe blasts of noxious fumes.
Your lurid green scales are hard. (AC +8)
You cannot fit into any form of body armour.
Your tail ends in a poisonous barb.
Your system is resistant to poisons. (rPois)
You are cold-blooded and may be slowed by cold attacks.
Your life essence is reduced to manifest your ancestor. (-10% HP)
You passively map a small area around you.
Your spells are a little harder to cast, but a little more powerful.


Message History

The redback poisons you! The redback closely misses you.
You slash the redback!
The redback is severely wounded.
You feel sick. The tarantella bites you!
* * * LOW HITPOINT WARNING * * *
The redback misses you. The redback bites you!
* * * LOW HITPOINT WARNING * * *
You hit the redback.
The redback is severely wounded.
* * * LOW HITPOINT WARNING * * *
You feel sick.
The redback bites you but does no damage.
The tarantella misses you. The redback bites you.
* * * LOW HITPOINT WARNING * * *
The redback bites you!
* * * LOW HITPOINT WARNING * * *
You are more poisoned.
The redback poisons you!
You feel better. The tarantella bites you!
You die...

#....## ...#..## #...^..##
..†.....# .(...#.## .#.##..#
####### .....^.# ### ##..#..#
.......############.#######>.....#
.......(#..#.#..#@s..#.#.#...#...#
................s#s..............##
.#..#.............>......#.........
....#....................##........
..................................#
.........#....##.#......^#.#..(...#
.......#######.#...................
#..#^### #.....###..........#...
###### #..#^.......#...#..).#.


You could see a tarantella and 2 redbacks.

Vanquished Creatures
  An emperor scorpion (Lair:3)
  The ghost of Haxyobbu the Fighter, a journeyman MiFi of Okawaru (Lair:3)
  Harold (D:10)
  4 hydras
  Erica (D:8)
  2 catoblepae (Lair:4)
  4 death yaks
  An unseen horror (D:11)
  Pikel (D:7)
  2 orb spiders (Spider:1)
  5 wolf spiders
  A deep elf mage (D:10)
  2 ugly things (D:11)
  2 manticores (Lair:4)
  3 oklob plants
  A cyclops (D:11)
  7 elephants
  3 black mambas
  2 torpor snails
  Joseph (D:10)
  A gargoyle (D:11)
  2 rime drakes
  4 spiny frogs
  A yaktaur (D:11)
  6 komodo dragons
  A demonic crawler (Spider:2)
  2 trolls
  3 hornets (Lair:6)
  4 jumping spiders
  2 polar bears (Lair:6)
  3 blink frogs (Lair:5)
  3 dream sheep (Lair:6)
  3 hippogriffs
  16 redbacks
  Sigmund (D:3)
  12 spriggans
  35 yaks
  3 tarantellas
  A basilisk (Lair:3)
  A swamp worm (Lair:2)
  An acid dragon (D:9)
  8 water moccasins
  Duvessa (D:7)
  3 porcupines
  5 black bears
  2 eyes of draining (D:7)
  3 orc warriors
  A sky beast (D:11)
  3 phantoms
  5 ice beasts
  A black bear (shapeshifter) (D:10)
  3 slaves (D:7)
  4 boggarts (Lair:6)
  4 ogres
  20 wolves
  2 centaurs
  5 crocodiles
  3 big kobolds
  12 bullfrogs
  Dowan (D:7)
  A wyvern zombie (D:11)
  5 scorpions
  7 killer bees
  4 wights
  A howler monkey (D:6)
  An electric eel (Lair:4)
  2 crimson imps
  4 bullfrog zombies
  2 jellies (D:10)
  2 centaur zombies
  2 hounds
  7 orc wizards
  2 bullfrog skeletons
  3 orc priests
  A centaur skeleton (D:8)
  6 iguanas
  Terence (D:3)
  2 hexers
  4 worker ants
  A hound skeleton (D:3)
  A worker ant zombie (D:8)
  13 adders
  4 oozes
  An adder skeleton (D:10)
  An adder zombie (D:9)
  A worm (D:3)
  2 dart slugs (D:2)
  6 leopard geckos
  33 orcs
  3 ball pythons
  2 bats (D:3)
  3 giant cockroaches
  4 goblins
  2 hobgoblins
  6 jackals
  2 quokkas
  3 frilled lizards (D:2)
  A jackal zombie (D:5)
  8 kobolds
  A leopard gecko zombie (D:5)
  A quokka zombie (D:6)
  A rat (D:2)
  A plant (Lair:4)
394 creatures vanquished.

Vanquished Creatures (collateral kills)
  2 hydras
  A skeletal warrior (D:11)
  An orb spider (Spider:1)
  A wolf spider (Spider:1)
  An oklob plant (Lair:6)
  A black mamba (Lair:5)
  2 spiny frogs (Lair:2)
  Maggie (Lair:1)
  A demonic crawler (Spider:1)
  A troll (D:11)
  A jumping spider (Spider:1)
  A blink frog (Lair:5)
  2 spriggans (Lair:6)
  3 redbacks
  A tarantella (Spider:2)
  9 yaks
  3 basilisks
  A swamp worm (Lair:2)
  5 ice beasts
  A sky beast (D:11)
  6 wolves (Lair:6)
  4 bullfrogs
  2 electric eels (D:10)
  A hound (D:7)
  An orc priest (D:4)
  An orc wizard (D:6)
  2 iguanas
  2 worker ants
  2 adders
  A dart slug (D:4)
  4 orcs
  A giant cockroach (D:4)
  A fungus (Lair:2)
67 creatures vanquished.

Vanquished Creatures (others)
  A wolf spider (Spider:2)
  A black bear (Lair:6)
  21 hexers
  An ancestor (D:3)
  17 fungi
  17 plants
58 creatures vanquished.

Grand Total: 519 creatures vanquished

Notes
Turn   | Place    | Note
-------+----------+-------------------------------------------
     0 | D:1      | Auros the Draconian Transmuter began the quest for the Orb.
     0 | D:1      | Reached XP level 1. HP: 16/16 MP: 3/3
    16 | D:1      | You fall into a shaft and drop 1 floor!
   144 | D:2      | Reached XP level 2. HP: 10/23 MP: 5/5
   413 | D:2      | Reached XP level 3. HP: 23/28 MP: 4/6
   759 | D:2      | Found a hazy altar of Hepliaklqana.
   924 | D:2      | Became a worshipper of Hepliaklqana the Forgotten
  1327 | D:2      | Found a glowing golden altar of the Shining One.
  1444 | D:3      | Reached XP level 4. HP: 30/31 MP: 5/7
  1490 | D:3      | Reached XP level 5. HP: 34/36 MP: 8/8
  1497 | D:3      | Learned a level 5 spell: Blade Hands
  1497 | D:3      | Reached skill level 10 in Unarmed Combat
  1497 | D:3      | Reached XP level 6. HP: 41/42 MP: 9/9
  1691 | D:3      | Noticed Terence
  1806 | D:3      | Killed Terence
  1878 | D:3      | Noticed Sigmund
  1934 | D:3      | Killed Sigmund
  2030 | D:3      | Reached * piety under Hepliaklqana
  2205 | D:3      | Your scales start taking on a lurid green colour.
  2205 | D:3      | Reached XP level 7. HP: 46/46 MP: 10/10
  2205 | D:3      | Gained mutation: Your system is resistant to poisons.
                  | (rPois) [Green Draconian growth]
  2313 | D:4      | Found a shadowy altar of Dithmenos.
  2511 | D:4      | Found a staircase to the Ecumenical Temple.
  3051 | D:4      | Found a basalt altar of Yredelemnul.
  3090 | D:4      | Reached XP level 8. HP: 53/53 MP: 5/11
  3359 | D:5      | Entered Level 5 of the Dungeon
  3387 | D:5      | Reached skill level 1 in Invocations
  3398 | D:5      | Reached skill level 1 in Evocations
  3557 | D:5      | Got a crude lapis lazuli ring
  3564 | D:5      | Identified the ring of Laamadump {rPois rC+ MP-9 Int+6
                  | Dex+7} (You found it on level 5 of the Dungeon)
  3568 | D:5      | Learned a level 2 spell: Sticks to Snakes
  4011 | D:5      | Found an iron altar of Okawaru.
  4041 | D:5      | Reached skill level 1 in Shields
  4134 | D:5      | You fall into a shaft and drop 2 floors!
  4276 | D:6      | Found a sacrificial altar of Ru.
  4276 | D:6      | Found a shimmering altar of Xom.
  4552 | D:6      | Reached XP level 9. HP: 48/60 MP: 10/12
  4791 | D:6      | Reached ** piety under Hepliaklqana
  4795 | D:6      | Remembered your ancestor bob as a hexer
  4937 | D:6      | Found a shattered altar of Ashenzari.
  5217 | D:7      | Noticed Pikel
  5246 | D:7      | Killed Pikel
  5555 | D:7      | Noticed Dowan
  5555 | D:7      | Noticed Duvessa
  5570 | D:7      | Killed Duvessa
  5573 | D:7      | Killed Dowan
  5661 | D:7      | Found a bloodstained altar of Trog.
  6217 | D:8      | Reached *** piety under Hepliaklqana
  6530 | D:8      | Noticed Erica
  6562 | D:8      | Killed Erica
  6562 | D:8      | Reached XP level 10. HP: 29/71 MP: 2/13
  6916 | D:9      | Found a sparkling altar of Nemelex Xobeh.
  6948 | D:9      | Found a hide-covered altar of Uskayaw.
  7452 | D:9      | Found Wuuqacoe's General Store.
  7468 | D:9      | Bought a potion of lignification for 33 gold pieces
  7686 | D:9      | Reached skill level 5 in Fighting
  8050 | D:9      | Reached skill level 5 in Invocations
  8181 | D:9      | Found an ancient bone altar of Kikubaaqudgha.
  8234 | D:9      | Found Lapeq's Magic Scroll Boutique.
  8239 | D:9      | Bought a scroll of teleportation for 45 gold pieces
  8239 | D:9      | Bought a scroll of blinking for 112 gold pieces
  8288 | D:10     | Entered Level 10 of the Dungeon
  8503 | D:10     | Noticed a deep elf mage
  8551 | D:10     | Killed a deep elf mage
  8704 | D:10     | Noticed Harold
  8716 | D:10     | Killed Harold
  8716 | D:10     | Reached skill level 5 in Evocations
  8817 | D:10     | Noticed Joseph
  8828 | D:10     | Killed Joseph
  9031 | D:10     | Found a staircase to the Lair.
  9075 | D:10     | Reached XP level 11. HP: 80/80 MP: 9/15
  9350 | D:10     | HP: 3/80 [fire bat (shapeshifter) (3)]
 10415 | D:11     | Reached **** piety under Hepliaklqana
 10468 | D:11     | Noticed a brown ugly thing
 10484 | D:11     | Killed a brown ugly thing
 10502 | D:11     | Reached skill level 5 in Dodging
 10776 | D:11     | Killed an unseen horror
 10840 | D:11     | Noticed a cyan ugly thing
 10874 | D:11     | Killed a cyan ugly thing
 11036 | D:11     | Noticed a skeletal warrior
 11042 | D:11     | Killed a skeletal warrior
 11620 | Lair:1   | Entered Level 1 of the Lair of Beasts
 12136 | Lair:1   | Noticed Maggie
 12144 | Lair:1   | Killed Maggie
 12252 | Lair:1   | Noticed an eight-headed hydra
 12258 | Lair:1   | Killed an eight-headed hydra
 12627 | Lair:2   | Noticed a six-headed hydra
 12645 | Lair:2   | Killed a six-headed hydra
 12645 | Lair:2   | Reached XP level 12. HP: 8/86 MP: 16/16
 12991 | Lair:2   | Noticed a four-headed hydra
 13024 | Lair:1   | Killed a four-headed hydra
 13625 | Lair:2   | Noticed a four-headed hydra
 13634 | Lair:2   | Killed a four-headed hydra
 13784 | Lair:2   | Reached ***** piety under Hepliaklqana
 13817 | Lair:2   | Found a large runed translucent door.
 13817 | Lair:2   | Found a large runed translucent door.
 13818 | Lair:2   | Noticed Haxyobbu's ghost (journeyman MiFi)
 13834 | Lair:2   | Noticed a death yak
 13861 | Lair:2   | Killed a death yak
 13896 | Lair:2   | Noticed a death yak
 13897 | Lair:2   | Noticed a death yak
 13916 | Lair:1   | Killed a death yak
 13922 | Lair:2   | Noticed a death yak
 13927 | Lair:2   | Killed a death yak
 14187 | Lair:2   | Killed a death yak
 14981 | Lair:2   | Found a staircase to the Swamp.
 16005 | Lair:3   | Killed Haxyobbu's ghost
 16237 | Lair:3   | Found a hole to the Spider Nest.
 16420 | Lair:4   | Noticed a catoblepas
 16420 | Lair:4   | Noticed a catoblepas
 16537 | Lair:3   | Upgraded the game from 0.25.0-1-g7eea58d to
                  | 0.25.0-45-g9783441
 16991 | Lair:4   | You fall into a shaft and drop 2 floors!
 16991 | Lair:6   | Entered Level 6 of the Lair of Beasts
 17064 | Lair:5   | Identified the Disquisition on Blows and Bruises and the
                  | Glacier
 17123 | Lair:4   | Reached XP level 13. HP: 80/92 MP: 14/17
 18935 | Lair:5   | Reached skill level 10 in Fighting
 19224 | Lair:5   | Gained mutation: You are weak. (Str -2) [potion of
                  | mutation]
 19224 | Lair:5   | Gained mutation: Your spells are a little harder to cast,
                  | but a little more powerful. [potion of mutation]
 19225 | Lair:5   | Lost mutation: Your spells are a little harder to cast, but
                  | a little more powerful. [potion of mutation]
 19225 | Lair:5   | Lost mutation: You are weak. (Str -2) [potion of mutation]
 19225 | Lair:5   | Gained mutation: Your spells are a little harder to cast,
                  | but a little more powerful. [potion of mutation]
 19225 | Lair:5   | Gained mutation: You passively map a small area around you.
                  | [potion of mutation]
 21529 | Lair:6   | Found a staircase to the Slime Pits.
 21580 | Lair:6   | HP: 2/107 [something (6)]
 21790 | Lair:6   | Gained mutation: Your tail ends in a poisonous barb. [Green
                  | Draconian growth]
 21790 | Lair:6   | Reached XP level 14. HP: 70/116 MP: 18/18
 23245 | Slime:1  | Entered Level 1 of the Pits of Slime
 23301 | Spider:1 | Entered Level 1 of the Spider Nest
 23456 | Spider:1 | Learned a level 3 spell: Summon Guardian Golem
 23485 | Spider:1 | Noticed an emperor scorpion
 23507 | Lair:3   | Reached skill level 1 in Summonings
 23919 | Lair:3   | Learned a level 3 spell: Frozen Ramparts
 23986 | Lair:3   | Killed an emperor scorpion
 24379 | Spider:1 | Reached skill level 1 in Ice Magic
 25357 | Spider:1 | Reached skill level 5 in Summonings
 25640 | Spider:1 | HP: 3/117 [redback (10)]
 25641 | Spider:1 | Slain by a tarantella

Illustrated notes

Levels and vault maps discovered:
D:1:      roderic_crop_circles_arrival_small, layout_basic, st_stairs_6
D:2:      layout_loops_cross, nicolae_tso_swordbearing_angel, marbit_many_paths,
          first_ration
D:3:      layout_loops_ring, uniq_sigmund, uniq_terence
D:4:      layout_basic, nicolae_overflow_hidden_temple, grunt_dithmenos_shadows,
          minmay_temple_entry_proselytizer
D:5:      layout_rooms, nicolae_qazlal_style_of_elements, okawaru_gym_becter
D:6:      layout_basic, kennysheep_little_box,
          chequers_temple_overflow_statue_of_worship
D:7:      layout_gridville, trog_eyes_of_draining, uniq_duvessa, uniq_pikel
D:8:      layout_rooms, kennysheep_generic_room_11, uniq_erica
D:9:      layout_roguey, eat_drink_and_be_merry_uskayaw,
          kiku_gazebo_pond_becter, serial_shops, shop, shop, basic_altar
D:10:     minmay_twisted_water, layout_basic, lair_entry_dummy, uniq_joseph,
          uniq_harold
D:11:     minmay_bloctagon, layout_stronghold
D:12:     layout_layer_cave, minmay_orc_entry_temple_small, basic_altar,
          nicolae_ru_the_path_less_chosen, uniq_rupert
Lair:1:   layout_regular_city, lemuel_fruit_fields, uniq_maggie
Lair:2:   layout_misc_corridors, minmay_swamp_entry_worms,
          ebering_ghost_disaster_area
Lair:3:   layout_chaotic_city, spider_nest_entry_webs
Lair:4:   nzn_motion_control, layout_gridlike, grunt_megastairs_3,
          infiniplex_staircase_pool_2, minmay_lair_oklob_chamber,
          lemuel_fruit_fields
Lair:5:   layout_hall_layers, gauntlet_entry_generic
Lair:6:   minmay_lair_end_enchanted_forest, layout_cave_pods,
          minmay_slime_entry_oklob_open, grunt_megastairs_4
Spider:1: layout_spider_delve
Spider:2: layout_spider_delve, einodemon_crawler_minivault, uniq_aizul
Slime:1:  layout_caves

Skill      XL: |  1  2  3  4  5  6  7  8  9 10 11 12 13 14 |
---------------+-------------------------------------------+-----
Transmutations | 3 11 | 11.5
Unarmed Combat | 4 10 13 | 13.5
Invocations    | 1 4 5 |  5.9
Evocations     | 1 3 5 |  5.3
Fighting       | 2 4 6 13 | 13.8
Shields        | 3 4 |  4.0
Dodging        | 9 |  9.3
Summonings     | 5 |  5.2
Ice Magic      | 4 |  4.0
Spellcasting   | |  2.0

Action                   |  1- 3 |  4- 6 |  7- 9 | 10-12 | 13-15 || total
-------------------------+-------+-------+-------+-------+-------++-------
Melee: Unarmed           |    70 |    51 |   309 |   507 |   590 ||  1527
       Kick              |     6 |     1 |    15 |    20 |    43 ||    85
       Tailslap          |     5 |     4 |    34 |    76 |    89 ||   208
       Headbutt          |     3 |     1 |     1 |     9 |    17 ||    31
       Punch             |       |     1 |     3 |     4 |     9 ||    17
       Staff             |       |       |       |       |    23 ||    23
Throw: Boomerang         |       |       |       |       |     8 ||     8
 Cast: Beastly Appendage |    11 |     2 |    11 |    10 |    18 ||    52
       Blade Hands       |       |     2 |     7 |    17 |    16 ||    42
       Sticks to Snakes  |       |       |       |     3 |     2 ||     5
       Frozen Ramparts   |       |       |       |       |     8 ||     8
       Summon Guardian G |       |       |       |       |     2 ||     2
Invok: Ancestor Identity |     2 |       |       |       |       ||     2
       Recall Ancestor   |       |       |     2 |     5 |       ||     7
       Ancestor Life: He |       |       |     1 |       |       ||     1
       Transference      |       |       |       |     2 |       ||     2
 Abil: Breathe Noxious F |       |       |     3 |     9 |       ||    12
Evoke: Wand              |       |       |       |     4 |     2 ||     6
       Phial of floods   |       |       |       |       |     1 ||     1
  Use: Potion            |       |     2 |     3 |     1 |    13 ||    19
       Scroll            |       |       |       |       |     9 ||     9
 Stab: Distracted        |       |     1 |     3 |     5 |     8 ||    17
       Confused          |       |       |     2 |     9 |     5 ||    16
       Petrified         |       |       |       |       |     3 ||     3
  Eat: Chunk             |     1 |     4 |    18 |    21 |    23 ||    67
       Ration            |       |       |       |     6 |     4 ||    10
Armor: Skin              |    17 |    21 |    74 |    87 |   167 ||   366
Dodge: Dodged            |    27 |    25 |   130 |   271 |   572 ||  1025
Block: Buckler           |       |       |    26 |    64 |   102 ||   192
